 Dungeon Crawl Stone Soup version 0.27.1-34-g3ba077fa99 (webtiles) character file.

Game seed: 13922709347700834265

201 pkoi the Insei (level 5, -1/41 (45) HPs)
             Began as a Draconian Monk on Jan 11, 2022.
             Slain by a wight (2 damage)
             ... on level 4 of the Dungeon.
             The game lasted 00:03:15 (3328 turns).

pkoi the Insei (Draconian Monk)                     Turns: 3328, Time: 00:03:16

HP:   -1/41 (45)    AC:  6    Str: 13    XL:     5   Next: 50%
MP:   5/5           EV: 12    Int: 11    God:
Gold: 254           SH:  0    Dex: 14    Spells: 4/4 levels left

rFire    . . .     SeeInvis .     - Unarmed
rCold    . . .     Faith    .   (no shield)
rNeg     + . .     Spirit   .   (armour unavailable)
rPois    .         Reflect  .   (helmet restricted)
rElec    .         Harm     .   h - scarf {+Inv}
rCorr    .         Rampage  .   (no gloves)
Will     .....                  d - +0 pair of boots
Stlth    ++........             (no amulet)
HPRegen  0.13/turn              k - ring of positive energy
MPRegen  0.09/turn              (no ring)

@: mighty, slowed, drained, very slow
A: AC +5, unfitting armour, cold-blooded
a: Evoke Invisibility


You were on level 4 of the Dungeon.
You visited 1 branch of the dungeon, and saw 4 of its levels.

You collected 254 gold pieces.

Inventory:

Hand Weapons
 i - a +0 dagger
Armour
 d - a +0 pair of boots (worn)
 h - a scarf of invisibility (worn)
Jewellery
 k - a ring of positive energy (left hand)
Scrolls
 f - a scroll of identify {unknown}
 j - a scroll of enchant weapon
 m - a scroll of teleportation {unknown}
Potions
 a - a potion of might
 b - a potion of brilliance {unknown}
 c - 2 potions of cancellation {unknown}
 e - a potion of degeneration {unknown}
 g - a potion of berserk rage {unknown}
 l - a potion of curing {unknown}


   Skills:
 - Level 3.2 Fighting
 - Level 2.6 Dodging
 - Level 1.7 Stealth
 + Level 6.3 Unarmed Combat


You had 4 spell levels left.
You didn't know any spells.
Your spell library contained the following spells:

 Spells                   Type           Power      Damage    Failure   Level
 Beastly Appendage        Tmut           0%         N/A       34%         1
 Freeze                   Ice            0%         1d3       34%         1
 Wereblood                Tmut           0%         N/A       47%         2
 Frozen Ramparts          Ice            0%         1d2       71%         3
 Spider Form              Tmut/Pois      0%         N/A       71%         3
 Hailstorm                Conj/Ice       0%         3d3       98%         4
 Passage of Golubria      Tloc           N/A        N/A       98%         4
 Alistair's Intoxication  Tmut/Pois      0%         N/A       100%        5
 Borgnjor's Vile Clutch   Necr/Erth      0%         N/A       100%        5
 Silence                  Hex/Air        0%         N/A       100%        5
 Eringya's Noxious Bog    Tmut/Pois      0%         N/A       100%        6
 Lehudib's Crystal Spear  Conj/Erth      0%         10d2      100%        8


Dungeon Overview and Level Annotations

Branches:
Dungeon (4/15)
 Temple: D:4-7

Altars:


Innate Abilities, Weirdness & Mutations

Your plain brown scales are hard. (AC +5)
You cannot fit into any form of body armour.
You are cold-blooded and may be slowed by cold attacks.


Message History

You are too injured to fight recklessly!
You are too injured to fight recklessly!
You are too injured to fight recklessly!
You are too injured to fight recklessly!
You are too injured to fight recklessly!
You are too injured to fight recklessly!
You are too injured to fight recklessly!
You are too injured to fight recklessly!
You are too injured to fight recklessly!
You hit the wight but do no damage. Your punch misses the wight.
The wight hits you with a +3 mace of freezing.
You partially resist.
You feel drained.
You feel as though you will be slow longer.
The wight freezes you. The wight barely misses you.
You hit the wight but do no damage.
The wight hits you with a +3 mace of freezing!
* * * LOW HITPOINT WARNING * * *
You partially resist.
You feel drained.
* * * LOW HITPOINT WARNING * * *
The wight freezes you.
* * * LOW HITPOINT WARNING * * *
It was a potion of might.
You feel very mighty all of a sudden.
The wight hits you with a +3 mace of freezing.
* * * LOW HITPOINT WARNING * * *
You partially resist.
You feel drained.
You feel as though you will be slow longer.
The wight freezes you.
* * * LOW HITPOINT WARNING * * *
You hit the wight.
The wight is moderately damaged.
The wight closely misses you. The wight misses you.
You hit the wight. You tail-slap the wight.
The wight is severely damaged.
The wight hits you with a +3 mace of freezing.
* * * LOW HITPOINT WARNING * * *
You partially resist.
You feel drained.
You feel as though you will be slow longer.
The wight freezes you.
You die...

#.#..## ##.g.....#####
#.#..#(..Z(z.####..#...#
#.##.#..S.g###..##.#...###
#.#..#..... #[...#.......#
#....##... +....#.......#
###.#.##### ##..##.......#
#.##....# ##)#......###
#.####.## #.....#...#
#......# #@.......##
######.## ##z....##.......
#..###..##†###.#####.
##.........# #.#
##..).##### #.# ##....#
#.# ##...### #..
###.....### ##
###)...♣....###


You could see a wight.

Vanquished Creatures
  2 hounds
  A hound skeleton (D:4)
  3 adders
  A white imp (D:4)
  An adder skeleton (D:3)
  A worm (D:3)
  5 dart slugs
  7 orcs (D:3)
  A bat (D:3)
  5 endoplasms
  A giant cockroach (D:4)
  6 goblins
  6 hobgoblins
  3 jackals (D:2)
  A quokka (D:1)
  7 ball pythons
  5 frilled lizards
  9 kobolds
  8 rats
73 creatures vanquished.

Notes
Turn   | Place    | Note
-------+----------+-------------------------------------------
     0 | D:1      | pkoi the Draconian Monk began the quest for the Orb.
     0 | D:1      | Reached XP level 1. HP: 19/19 MP: 1/1
   384 | D:1      | Reached XP level 2. HP: 26/26 MP: 2/2
   677 | D:1      | Found a faded altar of an unknown god.
   802 | D:2      | Reached skill level 4 in Unarmed Combat
  1334 | D:2      | Reached XP level 3. HP: 31/31 MP: 3/3
  2032 | D:3      | Reached skill level 5 in Unarmed Combat
  2032 | D:3      | Reached XP level 4. HP: 21/38 MP: 4/4
  3195 | D:4      | Reached XP level 5. HP: 45/45 MP: 5/5
  3262 | D:4      | Reached skill level 6 in Unarmed Combat
  3328 | D:4      | HP: 1/42 [wight (6)]
  3328 | D:4      | Slain by a wight

Illustrated notes

Levels and vault maps discovered:
D:1:      amcnicky_arrival_choice, layout_basic,
          hellmonk_ecumenical_altar_inner_sanctum
D:2:      layout_loops_cross
D:3:      layout_basic
D:4:      layout_loops_cross, grunt_ministairs_12, chequers_jeans,
          minmay_joined_circles

Skill      XL: |  1  2  3  4  5 |
---------------+----------------+-----
Unarmed Combat | 4 5 6 |  6.3
Fighting       | |  3.2
Dodging        | |  2.6
Stealth        | |  1.7

Action                   |  1- 3 |  4- 6 || total
-------------------------+-------+-------++-------
Melee: Unarmed           |   178 |   111 ||   289
       Tailslap          |    21 |    13 ||    34
       Punch             |     3 |     3 ||     6
  Use: Scroll            |     1 |       ||     1
       Potion            |       |     1 ||     1
 Stab: Sleeping          |     1 |     4 ||     5
Armor: Skin              |    59 |    38 ||    97
Dodge: Dodged            |    86 |    55 ||   141
